 Dungeon Crawl Stone Soup version 0.29.1-1-gd02db6906a (webtiles) character file.

Game seed: 12855794929502933000

25711 Ijustatesigmund the Fighter (level 13, -1/88 HPs)
             Began as a Gargoyle Fighter on Sept 23, 2022.
             Was a Follower of the Shining One.
             Killed from afar by a war gargoyle (48 damage)
             ... with a spray of metal splinters
             ... on level 14 of the Dungeon.
             The game lasted 00:28:52 (12474 turns).

Ijustatesigmund the Fighter (Gargoyle Fighter)     Turns: 12474, Time: 00:28:54

Health: -1/88      AC: 50    Str: 29    XL:     13   Next: 21%
Magic:  20/20      EV:  3    Int: 11    God:    the Shining One [*.....]
Gold:   915        SH: 16    Dex: 13    Spells: 12/12 levels left

rFire   + . .      SeeInvis +   a - +3 morningstar (protect)
rCold   . . .      Faith    .   w - +2 tower shield
rNeg    + . .      Spirit   .   b - +12 crystal plate armour "Cuocw" {rPois Dex+4 SInv}
rPois   ∞          Reflect  .   J - +2 hat
rElec   +          Harm     .   m - scarf {repulsion}
rCorr   .          Rampage  .   C - +0 pair of gloves
Will    .....                   (no boots)
Stlth   ..........              i - amulet of regeneration
HPRegen 1.04/turn               d - ring of protection from fire
MPRegen 0.17/turn               G - +6 ring of strength

@: under a protective aura, glowing, repel missiles
A: sickness immunity, AC +9, negative energy resistance 1, electricity
resistance, torment resistance 1, petrification resistance
a: Renounce Religion, Divine Shield


You were on level 14 of the Dungeon.
You worshipped the Shining One.
The Shining One was aware of your devotion.
You visited 2 branches of the dungeon, and saw 15 of its levels.
You also visited: Sewer.

You collected 1097 gold pieces.
You spent 182 gold pieces at shops.

Inventory:

Hand Weapons
 a - a +3 morningstar of protection (weapon)
 j - a +3 flail of protection
Missiles
 K - 2 throwing nets (quivered)
Armour
 b - the +12 crystal plate armour "Cuocw" (worn) {rPois Dex+4 SInv}
   (You acquired it on level 14 of the Dungeon)

   Dex:       It affects your dexterity (+4).
   rPois:     It protects you from poison.
   SInv:      It lets you see invisible.
 e - the +4 buckler of the Equinox {*Slow Regen+ Dex+3}
   (You found it on level 3 of the Dungeon)

   Dex:       It affects your dexterity (+3).
   Regen:     It increases your rate of health regeneration.
   *Slow:     It may slow you when you take damage.
 m - a scarf of repulsion (worn)
 w - a +2 tower shield (worn)
 C - a +0 pair of gloves (worn)
 J - a +2 hat (worn)
 O - a +4 troll leather armour {Snorg}
Jewellery
 c - an amulet of magic regeneration
 d - a ring of protection from fire (left hand)
 i - an amulet of regeneration (around neck)
 l - a ring of flight
 p - an amulet of reflection
 E - a ring of positive energy
 G - a +6 ring of strength (right hand)
Wands
 g - a wand of charming (22)
 v - a wand of flame (37)
 A - a wand of light (1)
 I - a wand of mindburst (5)
 P - a wand of iceblast (1)
 Q - a wand of digging (7)
Scrolls
 f - a scroll of blinking
 r - a scroll of fear
 t - 3 scrolls of identify
 u - 2 scrolls of fog
 y - 2 scrolls of teleportation
 B - 3 scrolls of amnesia
 F - 4 scrolls of poison
 M - 2 scrolls of magic mapping
Potions
 h - 2 potions of heal wounds
 k - 4 potions of haste
 n - 5 potions of flight
 o - 2 potions of magic
 q - a potion of lignification
 s - a potion of brilliance
 x - 10 potions of curing
 z - a potion of cancellation
 D - a potion of resistance
 H - 2 potions of attraction
 L - a potion of ambrosia


   Skills:
 - Level 13.5 Fighting
 - Level 12.2 Maces & Flails
 + Level 7.2 Armour
 - Level 3.0 Dodging
 + Level 7.5 Shields
 + Level 9.5 Invocations
 - Level 5.6 Evocations


You had 12 spell levels left.
You didn't know any spells.
Your spell library contained the following spells:

 Spells                   Type           Power      Damage    Failure   Level
 Beastly Appendage        Tmut           0%         N/A       100%        1
 Freeze                   Ice            0%         1d3       100%        1
 Magic Dart               Conj           0%         1d3       100%        1
 Blink                    Tloc           0%         N/A       100%        2
 Call Imp                 Summ           0%         N/A       100%        2
 Ensorcelled Hibernation  Hex/Ice        0%         N/A       100%        2
 Passwall                 Tmut/Erth      0%         N/A       100%        2
 Wereblood                Tmut           0%         N/A       100%        2
 Frozen Ramparts          Ice            0%         1d1       100%        3
 Inner Flame              Hex/Fire       0%         N/A       100%        3
 Lesser Beckoning         Tloc           0%         N/A       100%        3
 Mephitic Cloud           Conj/Pois/Air  0%         N/A       100%        3
 Spider Form              Tmut/Pois      0%         N/A       100%        3
 Stone Arrow              Conj/Erth      0%         3d7       100%        3
 Swiftness                Air            0%         N/A       100%        3
 Animate Armour           Summ/Erth      0%         N/A       100%        4
 Cause Fear               Hex            0%         N/A       100%        4
 Fulminant Prism          Conj/Hex       0%         3d6       100%        4
 Hailstorm                Conj/Ice       0%         3d3       100%        4
 Iskenderun's Mystic Bla  Conj/Tloc      0%         2d3       100%        4
 Lee's Rapid Deconstruct  Erth           0%         3d5*      100%        5
 Manifold Assault         Tloc           0%         N/A       100%        5
 Dragon Form              Tmut           0%         N/A       100%        7
 Discord                  Hex            0%         N/A       100%        8
 Lehudib's Crystal Spear  Conj/Erth      0%         10d2      100%        8
 Dragon's Call            Summ           0%         N/A       100%        9


Dungeon Overview and Level Annotations

Branches:
Dungeon (14/15)            Temple (1/1) D:6            Lair (0/5) D:9
    Orc (0/2) D:10          Sewer (visited)
 Vaults: D:13-14

Altars:
Ashenzari
Cheibriados
Dithmenos
Elyvilon
Fedhas
Gozag
Hepliaklqana
Kikubaaqudgha
Makhleb
Nemelex Xobeh
Okawaru
Qazlal
Ru
Sif Muna
Trog
Uskayaw
Vehumet
Wu Jian
Xom
Yredelemnul
Zin
The Shining One

Shops:
D:12 ((

Annotations:
D:12 exclusion: orange crystal statue


Innate Abilities, Weirdness & Mutations

You are immune to sickness and miasma.
Your stone body is resilient. (AC +9)
You are immune to poison.
You resist negative energy. (rN+)
You are resistant to electric shocks. (rElec)
You are resistant to unholy torment.
You are immune to petrification.


Message History

You block the deep troll earth mage's attack. x2
The deep troll earth mage claws you but does no damage.
The deep troll earth mage bites you!
The deep troll earth mage claws you but does no damage.
You block the deep troll earth mage's attack.
You completely miss the deep troll earth mage.
The deep troll earth mage is heavily wounded.
You block the deep troll earth mage's attack.
The deep troll earth mage claws you but does no damage. x2
You hit the deep troll earth mage but do no damage.
The deep troll earth mage is heavily wounded.
The deep troll earth mage barely misses you.
You block the deep troll earth mage's attack.
The deep troll earth mage claws you.
You puncture the deep troll earth mage!
The deep troll earth mage is severely wounded.
You block the deep troll earth mage's attack. x2
The deep troll earth mage claws you but does no damage.
You puncture the deep troll earth mage!
The deep troll earth mage is severely wounded.
You block the deep troll earth mage's attack. x2
The deep troll earth mage claws you!
The deep troll earth mage casts a spell next to you.
The wall shatters!
The blast of rock fragments hits you but does no damage.
You hit the deep troll earth mage.
The deep troll earth mage is almost dead.
The deep troll earth mage barely misses you.
You block the deep troll earth mage's attack.
The deep troll earth mage claws you but does no damage.
You sock the deep troll earth mage!
You kill the deep troll earth mage!
The war gargoyle hits you but does no damage.
You hit the war gargoyle.
The war gargoyle is lightly damaged.
The war gargoyle hits you but does no damage.
The war gargoyle launches metal splinters at you.
The spray of metal splinters hits you!!!
Ouch! That really hurt!
You die...

###.......?...#..###..........[#
#..........[....## #...........#
##.###.........#.# #............
...###.........#.# #......##'#.#
#..#.....##...##.# #......##.#.#
#..#.#...#.......####......##.#.#
#....#...#..######::##.....##.#..
##..........#...##HQ|#.....##....
...#.#.#....#.##@#Ho:#.....'....<
##.#.#.#....#.###9####.....######
#.#...#.#.>##.###.###.....# #
##.#.###.#).#...# #.##.....# #
#)....)..[#...#..# .######## ###
#)#.#.#####.#...#...# #.# #<#.#.#
#.######### #.# ###.#.# #.. #..
..#.# ### #.#


You could see an orc warlord, 2 sphinxes, a tengu reaver and a war gargoyle
(catching breath).

Vanquished Creatures
  Rupert (D:13)
  Frances (D:12)
  Snorg (D:12)
  A yaktaur captain (D:14)
  A catoblepas (D:13)
  2 centaur warriors (D:13)
  6 two-headed ogres
  2 deep troll earth magi (D:14)
  Lodul (D:14)
  3 cyclopes
  A deep elf zephyrmancer (D:9)
  2 deep elf pyromancers (D:14)
  4 ugly things
  A guardian serpent (shapeshifter) (D:13)
  A komodo dragon (D:10)
  3 trolls
  8 slime creatures (D:13)
  Sigmund (D:2)
  4 shadows
  A wyvern (D:10)
  A wraith (D:12)
  A vampire (D:11)
  Eustachio (D:6)
  A basilisk (D:14)
  2 steam dragons
  Menkaure (D:6)
  3 acid dragons
  A water moccasin (D:6)
  A swamp drake (D:9)
  A sky beast (D:7)
  3 black bears
  2 ice beasts
  4 orc warriors
  10 ogres
  8 centaurs
  2 phantoms
  3 kobold brigands
  6 bullfrogs
  A gnoll sergeant (D:10)
  3 necrophages
  6 scorpions
  16 wights
  4 killer bees (D:9)
  2 crimson imps
  3 hounds
  An orc priest (D:9)
  4 jellies
  An iron imp (D:9)
  Ijyb (D:3)
  11 orc wizards
  7 iguanas
  13 gnolls
  8 adders
  2 shadow imps
  2 white imps
  2 ufetubi
  2 worms
  A dart slug (D:2)
  24 orcs
  17 ball pythons
  4 bats
  13 endoplasms
  9 giant cockroaches
  11 goblins
  7 hobgoblins
  9 jackals
  12 kobolds
  17 quokkas
  11 frilled lizards
  4 rats (D:3)
324 creatures vanquished.

Vanquished Creatures (others)
  A deep elf zephyrmancer (D:9)
  5 toadstools (D:2)
6 creatures vanquished.

Grand Total: 330 creatures vanquished

Notes
Turn   | Place    | Note
-------+----------+-------------------------------------------
     0 | D:1      | Ijustatesigmund the Gargoyle Fighter began the quest for
                  | the Orb.
     0 | D:1      | Reached XP level 1. HP: 14/14 MP: 1/1
   329 | D:1      | Reached XP level 2. HP: 17/19 MP: 2/2
   549 | D:1      | Found a faded altar of an unknown god.
   785 | D:1      | Reached XP level 3. HP: 24/24 MP: 3/3
   817 | D:1      | Reached skill level 4 in Fighting
  1044 | D:2      | You fall into a shaft and drop 1 floor!
  1140 | D:2      | Noticed Sigmund
  1146 | D:2      | Killed Sigmund
  1147 | D:2      | Reached skill level 5 in Fighting
  1147 | D:2      | Reached XP level 4. HP: 18/31 MP: 4/4
  1147 | D:2      | Reached XP level 5. HP: 21/35 MP: 5/5
  1745 | D:3      | Reached XP level 6. HP: 40/40 MP: 6/6
  1822 | D:3      | Identified the +4 buckler of the Equinox {*Slow Regen+
                  | Dex+3}
  1925 | D:3      | Found a hazy altar of Hepliaklqana.
  1929 | D:3      | Found a white marble altar of Elyvilon.
  2195 | D:3      | Noticed Ijyb
  2205 | D:3      | Killed Ijyb
  2478 | D:3      | Found a burning altar of Makhleb.
  2478 | D:3      | Found a shimmering altar of Xom.
  2533 | D:4      | Noticed a black bear
  2545 | D:4      | Killed a black bear
  2546 | D:4      | Reached skill level 6 in Fighting
  2648 | D:4      | Reached skill level 5 in Maces & Flails
  2648 | D:4      | Reached XP level 7. HP: 46/46 MP: 7/7
  2772 | D:4      | Found a glowing drain.
  2779 | Sewer    | Entered a sewer
  3178 | Sewer    | Reached skill level 5 in Armour
  3309 | D:4      | Found a radiant altar of Vehumet.
  3361 | D:4      | Found a shadowy altar of Dithmenos.
  3948 | D:5      | Entered Level 5 of the Dungeon
  4074 | D:5      | Reached XP level 8. HP: 34/52 MP: 8/8
  4117 | D:5      | Reached skill level 7 in Fighting
  4375 | D:5      | Reached skill level 1 in Evocations
  4722 | D:6      | Reached skill level 8 in Fighting
  4728 | D:6      | Reached XP level 9. HP: 59/59 MP: 9/9
  4857 | D:6      | Found a staircase to the Ecumenical Temple.
  4896 | Temple   | Entered the Ecumenical Temple
  5121 | D:6      | Noticed Menkaure
  5125 | D:6      | Killed Menkaure
  5150 | D:6      | Noticed Eustachio
  5188 | D:6      | Killed Eustachio
  5189 | D:6      | Reached skill level 9 in Fighting
  5676 | D:7      | Found a glowing golden altar of the Shining One.
  5761 | D:7      | Reached XP level 10. HP: 61/66 MP: 10/10
  5768 | D:7      | Reached skill level 5 in Evocations
  6044 | D:7      | Reached skill level 10 in Fighting
  7003 | D:9      | Noticed a two-headed ogre
  7018 | D:8      | Killed a two-headed ogre
  7019 | D:8      | Reached skill level 1 in Dodging
  7599 | D:9      | Found a staircase to the Lair.
  7891 | D:9      | Noticed a deep elf zephyrmancer
  7896 | D:9      | Killed a deep elf zephyrmancer
  7910 | D:9      | Noticed a deep elf zephyrmancer
  7917 | D:9      | Killed a deep elf zephyrmancer
  7918 | D:9      | Reached skill level 5 in Shields
  7918 | D:9      | Reached XP level 11. HP: 71/73 MP: 11/11
  7931 | D:9      | Reached skill level 11 in Fighting
  8061 | D:10     | Entered Level 10 of the Dungeon
  8077 | D:10     | Found a staircase to the Orcish Mines.
  8242 | D:7      | Became a worshipper of the Shining One
  8589 | D:10     | Noticed a two-headed ogre
  8600 | D:10     | Killed a two-headed ogre
  8601 | D:10     | Reached skill level 10 in Maces & Flails
  8601 | D:10     | Reached skill level 1 in Invocations
  9345 | D:11     | Noticed a two-headed ogre
  9354 | D:11     | Killed a two-headed ogre
 10056 | D:12     | Noticed a two-headed ogre
 10064 | D:12     | Killed a two-headed ogre
 10156 | D:12     | Found Urylos's Antique Weapon Shop.
 10161 | D:12     | Found Itwump's Antique Weapon Shoppe.
 10171 | D:12     | Noticed Snorg
 10172 | D:12     | Noticed Frances
 10224 | D:12     | Noticed a sun demon
 10224 | D:12     | Noticed a sixfirhy
 10266 | D:12     | Noticed a soul eater
 10275 | D:12     | Noticed a cyclops
 10279 | D:12     | Noticed a two-headed ogre
 10292 | D:12     | Noticed an orange crystal statue
 10293 | D:12     | Noticed a sun demon
 10407 | D:12     | Killed a cyclops
 10412 | D:12     | Killed a two-headed ogre
 10413 | D:12     | Reached skill level 12 in Fighting
 10452 | D:12     | Bought a glowing flail for 182 gold pieces
 10512 | D:12     | Killed Snorg
 10513 | D:12     | Reached skill level 5 in Invocations
 10536 | D:12     | Killed Frances
 10537 | D:12     | Reached XP level 12. HP: 38/82 MP: 14/16
 10985 | D:13     | Noticed a two-headed ogre
 10992 | D:13     | Killed a two-headed ogre
 11015 | D:13     | Noticed Lodul
 11017 | D:13     | Noticed a centaur warrior
 11017 | D:13     | Reached * piety under the Shining One
 11189 | D:14     | Killed Lodul
 11190 | D:14     | Reached skill level 13 in Fighting
 11252 | D:13     | Killed a centaur warrior
 11352 | D:13     | Noticed a catoblepas
 11355 | D:13     | Noticed Rupert
 11362 | D:13     | Killed a catoblepas
 11371 | D:13     | Killed Rupert
 11819 | D:13     | Noticed a centaur warrior
 11828 | D:13     | Killed a centaur warrior
 12067 | D:14     | Found a bloodstained altar of Trog.
 12146 | D:14     | Identified a scroll of acquirement
 12146 | D:14     | Acquired the +12 crystal plate armour "Cuocw" {rPois Dex+4
                  | SInv}
 12204 | D:14     | Reached XP level 13. HP: 88/88 MP: 19/19
 12443 | D:14     | Noticed a yaktaur captain
 12443 | D:14     | Noticed a sphinx
 12444 | D:14     | Found a runed translucent door.
 12446 | D:14     | Noticed a war gargoyle
 12446 | D:14     | Noticed a tengu reaver
 12446 | D:14     | Noticed a sphinx
 12446 | D:14     | Noticed an orc warlord
 12455 | D:14     | Killed a yaktaur captain
 12474 | D:14     | Killed from afar by a war gargoyle

Illustrated notes

Levels and vault maps discovered:
D:1:      minmay_arrival_stair_chambers, layout_loops_cross,
          hellmonk_ecumenical_altar_slurped_away
D:2:      layout_loops_ring, minmay_gold_behind_fungi, uniq_sigmund
D:3:      kennysheep_goblin_castle, layout_rooms,
          mainiacjoe_overflow_catwalk_spiral,
          grunt_temple_overflow_champion_of_chaos
D:4:      layout_loops_corners, nicolae_dithmenos_shadow_blocks,
          nicolae_vehumet_altar_sigil, gup_sewer_entry_bubbles
D:5:      minmay_recursive_quarters, layout_basic, minmay_strange_pillars
D:6:      layout_cave_pools, minmay_temple_entry_sparse_star, uniq_eustachio,
          uniq_menkaure
D:7:      layout_loops_cross, nicolae_tso_carved_into_rock, serial_glass,
          glass_columns_a, glass_columns_b
D:8:      layout_gridville
D:9:      layout_basic, lair_entry_dummy, hangedman_minor_magic
D:10:     layout_loops_cross, orc_0_dummy, hangedman_decor_riveting,
          blue_anna_alchemist
D:11:     layout_basic, minmay_misc_feat_diagonals
D:12:     layout_cave_pools, nicolae_wooded_promenade, disabler_island,
          uniq_frances, uniq_snorg
D:13:     layout_basic, uniq_rupert, uniq_lodul
D:14:     minmay_gate_of_8, layout_basic, skrybe_vaults_entry_preservation,
          bloody_trog
Temple:   nicolae_temple_bog_church

Skill      XL: |  1  2  3  4  5  6  7  8  9 10 11 12 13 |
---------------+----------------------------------------+-----
Fighting       | 5 6 8 9 10 12 13 | 13.5
Maces & Flails | 4 5 7 8 9 11 12 | 12.2
Armour         | 4 5 6 7 |  7.2
Evocations     | 2 4 5 |  5.6
Dodging        | 2 3 |  3.0
Shields        | 5 6 7 |  7.5
Invocations    | 5 8 9 |  9.5

Action                   |  1- 3 |  4- 6 |  7- 9 | 10-12 | 13-15 || total
-------------------------+-------+-------+-------+-------+-------++-------
Melee: Flail             |    57 |   111 |       |       |       ||   168
       Morningstar       |       |    28 |   492 |   578 |    56 ||  1154
Evoke: Wand              |       |       |     5 |    22 |       ||    27
  Use: Potion            |     1 |       |       |     4 |       ||     5
       Scroll            |       |    13 |     7 |    10 |       ||    30
 Stab: Invisible         |       |       |       |     2 |       ||     2
Armor: Scale mail        |     1 |       |       |       |       ||     1
       Chain mail        |    47 |   101 |   343 |   329 |       ||   820
       Troll leather arm |       |       |       |    31 |       ||    31
       Crystal plate arm |       |       |       |       |    43 ||    43
Dodge: Dodged            |    24 |    56 |   183 |   231 |     5 ||   499
       Repelled          |       |     2 |       |     9 |       ||    11
Block: Buckler           |    14 |    58 |   255 |   238 |       ||   565
       Tower shield      |       |       |       |    41 |    40 ||    81
